 Dungeon Crawl Stone Soup version 0.17.0-28-g6e173f8 (webtiles) character file.

766 boringman the Covered (level 8, -1/60 HPs)
             Began as a Human Fighter on Nov 22, 2015.
             Killed by nerve-wracking pain
             ... invoked by Grinder
              (7 damage)
             ... on level 4 of the Dungeon.
             The game lasted 00:28:56 (5090 turns).

boringman the Covered (Human Fighter)               Turns: 5090, Time: 00:28:56

Health: -1/60      AC: 14    Str: 19    XL:     8   Next: 8%
Magic:  8/8        EV:  5    Int: 11    God:
Gold:   305        SH: 10    Dex: 12    Spells: 0 memorised, 7 levels left

rFire  . . .     SeeInvis .     y - +3 mace (drain)
rCold  . . .     Clarity  .     J - +0 plate armour
rNeg   . . .     SustAt   .     c - +0 shield
rPois  +         Gourm    .     G - +0 helmet
rElec  .         Spirit   .     x - +0 cloak
rCorr  .         Warding  .     (no gloves)
rMut   .         Stasis   .     (no boots)
MR     .....                    (no amulet)
Stlth  ..........               m - +2 ring of intelligence
                                t - ring of poison resistance

@: not resistant to hostile enchantments, extremely unstealthy
A: no striking features
a: no special abilities


You were on level 4 of the Dungeon.
You were not hungry.

You visited 1 branch of the dungeon, and saw 6 of its levels.

You collected 305 gold pieces.

Inventory:

Hand Weapons
 a - a cursed +0 shortbow
 j - a +2 hand axe of freezing
 v - a +0 blowgun
 y - a +3 mace of draining (weapon)
Missiles
 b - 47 arrows
 i - 10 steel sling bullets
 k - 189 stones (quivered)
 l - 42 bolts
 n - 2 throwing nets
 w - 24 poisoned needles
 B - 6 tomahawks
Armour
 c - a +0 shield (worn)
 x - a +0 cloak (worn)
 G - a +0 helmet (worn)
 J - a +0 plate armour (worn)
Jewellery
 h - an uncursed amulet of faith
 m - a +2 ring of intelligence (right hand)
 t - a ring of poison resistance (left hand)
 u - an uncursed ring of stealth
Wands
 o - a wand of fireball (6)
 C - a wand of cold (6)
Scrolls
 q - 3 scrolls of remove curse
 E - a scroll of teleportation
 H - a scroll of blinking
 I - a scroll of recharging
Potions
 d - 4 potions of might
 f - a potion of invisibility
 g - a potion of agility
 p - a potion of resistance
 A - a potion of lignification {unknown}
Comestibles
 e - 2 bread rations
 r - 3 meat rations
 s - 3 fruits
 D - a slice of pizza


   Skills:
 + Level 4.2 Fighting
   Level 2.1 Short Blades
 + Level 1.1(1.8) Axes
 + Level 2.2(2.3) Maces & Flails
 + Level 5.3 Armour
 + Level 3.3 Dodging
 + Level 0.2 Stealth
 + Level 5.2 Shields


You had 7 spell levels left.
You didn't know any spells.

Dungeon Overview and Level Annotations

Branches:
Dungeon (6/15)
 Temple: D:4-7

Altars:
Dithmenos
Fedhas

Shops:
D:4 !

Annotations:
D:4 Grinder


Message History

Grinder hits you but does no damage.
There is a stone staircase leading up here.
Grinder gestures at you. You resist with some effort.
You climb upwards.
There is a stone staircase leading down here.
Grinder gestures at you.
You suddenly lose the ability to move!
Grinder gestures at you. You resist with some effort. Grinder hits you.
* * * LOW HITPOINT WARNING * * *
You writhe in agony.
* * * LOW HITPOINT WARNING * * *
Grinder hits you.
* * * LOW HITPOINT WARNING * * *
You can move again.
Grinder gestures at you. Pain shoots through your body!
You die...

#####.# #.##.##..#.##....... #.#
#.>......#.###.#.### #.#
#.#####........#.... ##.## #.#
#.##.......### #...# #.#
#.########.##. #...#######.#
#.#### #.##.
#.........#.#####....#####.##.
####...#####.#........).....#....
...........#.###@#.###......####.
.............###.#.#........# #.
................5....#......# #.
####.........##..#...#......####.
#...##.##.##.>.......#####...[
#...##.##...........## #.##.
#...##.#####..##.#.## #.##. #
###.###.#####..##....# ###.###
###.....[........####..# #......


You could see Grinder.

Vanquished Creatures
  A hippogriff (D:5)
  A centaur (D:5)
  An ogre (D:4)
  A scorpion (D:5)
  2 crimson imps
  A centaur skeleton (D:5)
  An orc wizard (D:4)
  An iguana (D:5)
  3 worker ants (D:5)
  11 adders
  2 shadow imps (D:5)
  An ooze (D:1)
  An adder skeleton (D:4)
  An adder zombie (D:5)
  4 worms
  3 giant geckos
  9 orcs
  7 bats
  7 hobgoblins
  5 quokkas
  3 ball pythons
  2 giant cockroaches
  2 giant newts
  8 goblins
  4 kobolds
  A quokka skeleton (D:4)
  7 rats
90 creatures vanquished.

Notes
Turn   | Place    | Note
--------------------------------------------------------------
     0 | D:1      | boringman the Human Fighter began the quest for the Orb.
     0 | D:1      | Reached XP level 1. HP: 18/18 MP: 1/1
    26 | D:1      | Reached XP level 2. HP: 21/24 MP: 2/2
   371 | D:1      | Reached XP level 3. HP: 19/29 MP: 3/3
  1439 | D:2      | Reached XP level 4. HP: 30/35 MP: 4/4
  1886 | D:3      | Reached skill level 1 in Dodging
  1974 | D:3      | Found a shadowy altar of Dithmenos.
  1976 | D:3      | Reached skill level 1 in Axes
  2020 | D:3      | Reached XP level 5. HP: 33/41 MP: 5/5
  2167 | D:3      | Reached skill level 4 in Armour
  2489 | D:4      | Noticed an ogre
  2496 | D:4      | Killed an ogre
  2496 | D:4      | Reached XP level 6. HP: 26/47 MP: 6/6
  2838 | D:4      | Found Yntonaepa's Distillery.
  2841 | D:4      | Found a blossoming altar of Fedhas.
  3536 | D:5      | Entered Level 5 of the Dungeon
  3576 | D:5      | Reached XP level 7. HP: 51/53 MP: 7/7
  3610 | D:5      | Reached skill level 1 in Maces & Flails
  4428 | D:5      | Reached skill level 5 in Armour
  4439 | D:5      | Noticed a hippogriff
  4448 | D:5      | Killed a hippogriff
  4448 | D:5      | Reached skill level 5 in Shields
  4513 | D:5      | Reached XP level 8. HP: 48/60 MP: 8/8
  4695 | D:6      | Noticed Grinder
  4716 | D:6      | Paralysed by Grinder for 6 turns
  4756 | D:5      | HP: 3/60 [quokka (3)]
  4759 | D:5      | HP: 1/60 [quokka (3)]
  5071 | D:6      | Paralysed by Grinder for 5 turns
  5085 | D:4      | Paralysed by Grinder for 5 turns
  5090 | D:4      | Killed from afar by Grinder

Action                   |  1- 3 |  4- 6 |  7- 9 || total
-------------------------+-------+-------+-------++-------
Melee: Rapier            |     9 |       |       ||     9
       Hand axe          |    83 |    52 |       ||   135
       Mace              |       |   144 |   109 ||   253
  Use: Scroll            |     6 |     6 |       ||    12
       Potion            |     3 |     3 |     1 ||     7
 Stab: Sleeping          |       |     1 |       ||     1
  Eat: Chunk             |     2 |     5 |     2 ||     9
       Bread ration      |       |     1 |       ||     1
       Fruit             |       |     1 |       ||     1
